 Dungeon Crawl Stone Soup version 0.30-a0-586-g23e55c9e0a (webtiles) character file.

Game seed: 17663509268993492442

4394 billz999 the Cleaver (level 10, -5/77 HPs)
             Began as a Djinni Ice Elementalist on Jan 4, 2023.
             Was an Initiate of Makhleb.
             Slain by a wyvern (10 damage)
             ... on level 9 of the Dungeon.
             The game lasted 00:18:35 (8549 turns).

billz999 the Cleaver (Djinni Ice Elementalist)      Turns: 8549, Time: 00:18:36

Health: -5/77      AC:  6    Str:  6    XL:     10   Next: 61%
Gold:   331        EV: 12    Int: 21    God:    Makhleb [......] SH:  0 Dex: 14

rFire   + + .      SeeInvis .    r - +1 battleaxe (heavy)
rCold   x . .      Faith    .    (shield currently unavailable)
rNeg    + . .      Spirit   .    a - +0 robe
rPois   ∞          Reflect  .    (no helmet)
rElec   .          Harm     .    e - +2 ratskin cloak {*Rats rPois rN+ Str-1 Int-1 Dex+1}
rCorr   .          Rampage  .    m - +0 pair of gloves of Catopaq {Stlth+}
Will    +....                    (boots unavailable)
Stlth   +++                      (no amulet)
HPRegen 0.32/turn                (no ring)
MPRegen 0.00/turn                (no ring)

@: flying
A: sickness immunity, fire resistance 2, cold vulnerability 1, float, innate
caster, HP casting, extra vitality 1
a: Renounce Religion


You were on level 9 of the Dungeon.
You worshipped Makhleb.
Makhleb was noncommittal.
You visited 2 branches of the dungeon, and saw 10 of its levels.

You collected 331 gold pieces.

Inventory:

Hand Weapons
 r - a +1 heavy battleaxe (weapon)
Missiles
 s - 2 throwing nets
Armour
 a - a +0 robe (worn)
 e - the +2 ratskin cloak (worn) {*Rats rPois rN+ Str-1 Int-1 Dex+1}
   (You found it on level 5 of the Dungeon)

   When the wearer is hurt, rats may emerge from it to assist them.
   Str:       It affects your strength (-1).
   Int:       It affects your intelligence (-1).
   Dex:       It affects your dexterity (+1).
   rPois:     It protects you from poison.
   rN:        It protects you from negative energy.
 h - a +0 pair of gloves
 m - the +0 pair of gloves of Catopaq (worn) {Stlth+}
   (You found it on level 2 of the Dungeon)

   Stlth:     It makes you more stealthy.
 q - a +0 cloak
Wands
 p - a wand of mindburst (4)
Scrolls
 c - a scroll of silence
 d - 2 scrolls of teleportation
 f - 3 scrolls of enchant weapon
 i - 2 scrolls of poison
 j - a scroll of immolation
 l - a scroll of torment
 n - 3 scrolls of amnesia
 u - a scroll of enchant armour
 x - a scroll of fog
Potions
 b - 2 potions of magic
 g - 3 potions of resistance
 k - a potion of curing
 o - a potion of brilliance
 w - a potion of flight {unknown}
 z - a potion of lignification {unknown}
 A - a potion of berserk rage {unknown}


   Skills:
 + Level 8.5 Fighting
 * Level 9.0 Axes
 - Level 2.1 Dodging
 - Level 1.5 Stealth
 - Level 5.4 Spellcasting


You couldn't memorise any spells.
You knew the following spells:

 Your Spells              Type           Power      Damage    Failure   Level
a - Freeze                Ice            100%       1d10      1%          1
b - Frozen Ramparts       Ice            56%        1d9       3%          3
c - Ozocubu's Armour      Ice            28%        N/A       3%          3
d - Summon Ice Beast      Ice/Summ       28%        N/A       11%         4
e - Summon Small Mammal   Summ           100%       N/A       1%          1
f - Poisonous Vapours     Pois/Air       56%        N/A       1%          2
g - Hailstorm             Conj/Ice       28%        3d8       3%          3
h - Iskenderun's Mystic   Conj/Tloc      28%        2d7       11%         4
Your spell library was empty.

Dungeon Overview and Level Annotations

Branches:
Dungeon (9/15)             Temple (1/1) D:7
   Lair: D:8-11         Orc: D:9-12

Altars:
Cheibriados
Dithmenos
Fedhas
Hepliaklqana
Makhleb
Okawaru
Qazlal
Trog
Xom
Yredelemnul
Zin
The Shining One

Shops:
D:3 !   D:4 (   D:5 *

Annotations:
D:4 3 runed translucent doors, Juicyj's ghost, novice MiGl
D:8 Joseph


Innate Abilities, Weirdness & Mutations

You are immune to sickness and miasma.
You are immune to poison.
Your flesh is very heat resistant. (rF++)
You are vulnerable to cold. (rC-)
You float through the air rather than walking.
You learn spells naturally, not from books.
Your magical power is your life essence.
You have superior vitality. (+4 MHP)


Message History

The wall freezes the wolf but does no damage.
The wolf misses you.
The wall freezes the wyvern.
The wall freezes the wolf but does no damage. x2
The wolf barely misses you.
The wall freezes the kobold brigand.
The wall freezes the wolf.
The wall freezes the wyvern.
The wall freezes the wolf.
The wolf bites you!
* * * LOW HITPOINT WARNING * * *
A hell rat scurries out from under your cloak.
The wall freezes the wolf.
You slash the wolf!
You kill the wolf!
Makhleb accepts your kill.
The frozen ramparts melt away.
You kill the kobold brigand!
Makhleb accepts your kill. The wolf misses you. x2
A kobold comes into view. It is wielding a +0 dagger.
You slash the wolf!
The wolf is almost dead.
The wolf barely misses you. The wolf bites you.
* * * LOW HITPOINT WARNING * * *
The wolf closely misses you.
You hit the wolf.
You kill the wolf!
Makhleb accepts your kill. The rime drake closely misses you.
You slash the rime drake!
You kill the rime drake!
Makhleb accepts your kill. The wyvern bites you.
* * * LOW HITPOINT WARNING * * *
The wyvern bites you.
* * * LOW HITPOINT WARNING * * *
Your Axes skill increases to level 9!
You barely miss the wyvern.
The wyvern is lightly wounded.
The wyvern misses you. The wyvern bites you.
* * * LOW HITPOINT WARNING * * *
The wyvern bites you!
You die...

...# .##### ... ...# ......
#... ..#### ####### ....#
###.... ....... .....
#....#####.#########
......##................#..
#.....#...KK.# .......#.#
.......#.#l#.# ###..#...#.#
.#....h#@#... ........#.#
#..$.h.#r######..##.#....
#......#.######..##.#.#..
#..#...#.........##.#...#
.l......#.....##.....###.#
..#..#...#.....##.#...# #.#
. ##.....#.....+..#<#.###..
. ...##.....######..####
#.....# ##..# #


You could see a wyvern, 2 kobolds and a friendly hell rat.

Vanquished Creatures
  A rime drake (D:9)
  Sigmund (D:6)
  An acid dragon (D:8)
  2 black bears
  2 ice beasts (D:6)
  An orc warrior (D:9)
  A sky beast (D:7)
  3 wolves (D:9)
  2 ogres
  2 centaurs
  A bullfrog (D:9)
  3 kobold brigands
  A necrophage (D:7)
  2 scorpions (D:6)
  2 gnoll sergeants
  6 wights
  3 killer bees (D:6)
  2 howler monkeys
  2 hounds
  4 jellies
  An orc priest (D:5)
  An orc wizard (D:9)
  2 iguanas
  5 hell rats (D:5)
  Robin (D:4)
  4 adders
  10 gnolls
  14 river rats (D:5)
  A shadow imp (D:5)
  A white imp (D:6)
  2 ufetubi
  A worm (D:4)
  3 dart slugs
  13 orcs
  2 bats
  12 endoplasms
  5 giant cockroaches
  13 goblins
  6 hobgoblins
  6 jackals
  2 quokkas
  6 ball pythons
  4 frilled lizards
  20 kobolds
  A rat (D:1)
178 creatures vanquished.

Vanquished Creatures (collateral kills)
  A two-headed ogre (D:8)
  A centaur (D:6)
  2 bullfrogs
  2 hell rats (D:5)
  2 gnolls (D:6)
  A river rat (D:5)
9 creatures vanquished.

Grand Total: 187 creatures vanquished

Notes
Turn   | Place    | Note
-------+----------+-------------------------------------------
     0 | D:1      | billz999 the Djinni Ice Elementalist began the quest for
                  | the Orb.
     0 | D:1      | billz999 set off with the following spells memorised:
                  | Freeze, Frozen Ramparts, Ozocubu's Armour, Summon Ice
                  | Beast.
     0 | D:1      | Reached XP level 1. HP: 15/15 MP: 0/0
    75 | D:1      | Reached XP level 2. HP: 14/21 MP: 0/0
   305 | D:1      | Reached XP level 3. HP: 24/25 MP: 0/0
   305 | D:1      | Learned a level 1 spell: Summon Small Mammal
  1152 | D:2      | Found a shimmering altar of Xom.
  1184 | D:2      | Reached XP level 4. HP: 26/31 MP: 0/0
  1403 | D:2      | Identified the +0 pair of gloves of Catopaq {Stlth+}
  1512 | D:3      | Found Tyg Waopn's Distillery.
  2269 | D:3      | Reached XP level 5. HP: 32/35 MP: 0/0
  2269 | D:3      | Learned a level 2 spell: Poisonous Vapours
  2339 | D:3      | Reached skill level 5 in Spellcasting
  2690 | D:4      | Noticed Juicyj's ghost (novice MiGl)
  2703 | D:4      | Found a runed translucent gate.
  2703 | D:4      | Found a runed translucent gate.
  2703 | D:4      | Found a runed translucent gate.
  2949 | D:4      | Reached XP level 6. HP: 29/40 MP: 0/0
  2954 | D:4      | Reached skill level 1 in Fighting
  3097 | D:4      | Found Dimac's Weapon Emporium.
  3097 | D:4      | Noticed a black bear
  3104 | D:4      | Killed a black bear
  3191 | D:4      | Noticed Robin
  3198 | D:4      | Killed Robin
  3199 | D:4      | Reached XP level 7. HP: 20/50 MP: 0/0
  3199 | D:4      | Learned a level 3 spell: Hailstorm
  3686 | D:5      | Entered Level 5 of the Dungeon
  3738 | D:5      | Reached skill level 1 in Axes
  4059 | D:5      | Reached skill level 2 in Axes
  4444 | D:5      | Found the +2 ratskin cloak {*Rats rPois rN+ Str-1 Int-1
                  | Dex+1}
  4448 | D:5      | Reached XP level 8. HP: 46/58 MP: 0/0
  4449 | D:5      | Reached skill level 3 in Axes
  4454 | D:5      | HP: 2/58 [hell rat (9)]
  4907 | D:5      | Reached skill level 5 in Fighting
  5128 | D:5      | Reached skill level 4 in Axes
  5280 | D:5      | Found Roen's Fire Supplies.
  5702 | D:6      | Reached skill level 5 in Axes
  5702 | D:6      | Reached XP level 9. HP: 45/66 MP: 0/0
  5702 | D:6      | Learned a level 4 spell: Iskenderun's Mystic Blast
  6570 | D:6      | Noticed Sigmund
  6574 | D:6      | Killed Sigmund
  6575 | D:6      | Reached skill level 6 in Axes
  7269 | D:7      | Reached skill level 7 in Axes
  7591 | D:7      | Found a snail-covered altar of Cheibriados.
  7605 | D:7      | Found a staircase to the Ecumenical Temple.
  7621 | Temple   | Entered the Ecumenical Temple
  7731 | Temple   | Became a worshipper of Makhleb the Destroyer
  7888 | D:7      | Reached XP level 10. HP: 73/75 MP: 0/0
  7958 | D:7      | Found an iron altar of Okawaru.
  8043 | D:8      | Noticed a two-headed ogre
  8051 | D:8      | Noticed Joseph
  8052 | D:8      | Killed a two-headed ogre
  8053 | D:8      | Reached skill level 8 in Axes
  8096 | D:8      | Noticed a two-headed ogre
  8528 | D:9      | Noticed a rime drake
  8548 | D:9      | Killed a rime drake
  8549 | D:9      | Reached skill level 9 in Axes
  8549 | D:9      | Slain by a wyvern

Illustrated notes

Levels and vault maps discovered:
D:1:      shiori_shiawase, layout_rooms, minmay_pentomino_o2
D:2:      layout_loops_cross, basic_altar, kennysheep_generic_room_14
D:3:      layout_basic, serial_shops, nicolae_diamond_shop, dk_noncrumbling_3
D:4:      layout_gridville, gammafunk_ghost_split, serial_shops, shop_statue,
          uniq_robin
D:5:      wander_guarded_unrand_ratskin, layout_loops_cross,
          chequers_serial_rivers_room_a, dreamdust_princess_bridge,
          hangedman_decor_diamond_cutter, nicolae_shop_fire_sale
          [nicolae_sub_dead_trees], ebering_dispersal_statue_hall
D:6:      layout_basic, uniq_sigmund
D:7:      nicolae_cairo_tiling_large_dashed, layout_rooms, old_standard_altar,
          mainiacjoe_overflow_chevrons, minmay_temple_entry_overgrown
D:8:      layout_cave_pools, uniq_joseph
D:9:      layout_basic, hellmonk_lair_entry_icy, serial_shops, shop,
          minmay_misc_feat_pillars, uniq_pikel
Temple:   mainiacjoe_temple_cubbyholes

Skill      XL: |  1  2  3  4  5  6  7  8  9 10 |
---------------+-------------------------------+-----
Spellcasting   | 4 5 |  5.4
Fighting       | 3 4 5 7 8 |  8.5
Axes           | 2 5 7 9 |  9.0
Dodging        | |  2.1
Stealth        | |  1.5

Action                   |  1- 3 |  4- 6 |  7- 9 | 10-12 || total
-------------------------+-------+-------+-------+-------++-------
Melee: Unarmed           |     4 |     3 |       |       ||     7
       Battleaxe         |       |       |    34 |    14 ||    48
 Cast: Freeze            |    54 |    38 |    52 |       ||   144
       Frozen Ramparts   |     2 |     8 |    23 |     3 ||    36
       Poisonous Vapours |       |    45 |   102 |    17 ||   164
       Hailstorm         |       |       |     8 |       ||     8
       Ozocubu's Armour  |       |       |     2 |       ||     2
       Summon Ice Beast  |       |       |    10 |     3 ||    13
       Iskenderun's Myst |       |       |     3 |     2 ||     5
Evoke: Wand              |       |       |    11 |     2 ||    13
  Use: Scroll            |     5 |       |     9 |     2 ||    16
       Potion            |       |       |     4 |     2 ||     6
 Stab: Sleeping          |       |       |     3 |       ||     3
Armor: Robe              |     3 |     5 |    23 |    10 ||    41
Dodge: Dodged            |    23 |    14 |    58 |    20 ||   115

Table legend: (Time is in decaauts)
 A = Elapsed time spent in this place.
 B = Non-inter-level travel time spent in this place.
 C = Inter-level travel time spent in this place.
 D = Time resting spent in this place.
 E = Time spent auto-exploring this place.
 F = Levels seen in this place.
 G = Mean time per level.
                   A        B        C        D        E       F      G
               +--------+--------+--------+--------+--------+-----+--------+
         Total |   8598 |   8309 |    289 |   1018 |   6146 |  10 |  859.8 |
       Dungeon |   8349 |   8143 |    206 |   1018 |   5988 |   9 |  927.7 |
        Temple |    248 |    165 |     83 |      0 |    158 |   1 |  248.0 |
               +--------+--------+--------+--------+--------+-----+--------+

Top non-repeatable levels by time:
     D:5: 1986 daAuts
     D:6: 1494 daAuts
     D:3: 1096 daAuts
     D:4: 1076 daAuts
     D:1: 780 daAuts
     D:2: 731 daAuts
     D:7: 667 daAuts
     D:9: 460 daAuts
  Temple: 248 daAuts
     D:8: 56 daAuts
